 Dungeon Crawl Stone Soup version 0.30-a0-223-gcb0039aa0c (webtiles) character file.

Game seed: 4350803920261922846

93 qw the Chopper (level 4, -4/28 HPs)
             Began as a Gargoyle Fighter on Oct 9, 2022.
             Slain by a gnoll
             ... wielding a +0 halberd
              (10 damage)
             ... on level 2 of the Dungeon.
             The game lasted 00:00:31 (1129 turns).

qw the Chopper (Gargoyle Fighter)                   Turns: 1129, Time: 00:00:32

Health: -4/28      AC: 10    Str: 22    XL:     4   Next: 61%
Magic:  4/4        EV:  9    Int:  8    God:
Gold:   104        SH:  4    Dex:  9    Spells: 3/3 levels left

rFire   . . .      SeeInvis .    Y - +0 war axe
rCold   . . .      Faith    .    c - +0 buckler
rNeg    + . .      Spirit   .    b - +0 scale mail
rPois   inf        Reflect  .    (no helmet)
rElec   +          Harm     .    (no cloak)
rCorr   .          Rampage  .    (no gloves)
Will    .....                    (no boots)
Stlth   ..........               (no amulet)
HPRegen 0.24/turn                (no ring)
MPRegen 0.09/turn                (no ring)

@: no status effects
A: sickness immunity, AC +3, negative energy resistance 1, electricity
resistance, torment resistance 1, petrification resistance
a: no special abilities


You were on level 2 of the Dungeon.
You visited 1 branch of the dungeon, and saw 2 of its levels.

You collected 104 gold pieces.


Innate Abilities, Weirdness & Mutations

You are immune to sickness and miasma.
Your stone body is resilient. (AC +3)
You are immune to poison.
You resist negative energy. (rN+)
You are resistant to electric shocks. (rElec)
You are resistant to unholy torment.
You are immune to petrification.


   Skills:
 - Level 3.2 Fighting
 + Level 4.2 Axes
 - Level 3.2 Armour
 - Level 3.2 Shields


You had 3 spell levels left.
You didn't know any spells.
Your spell library was empty.

Inventory:

Hand Weapons
 j - a +0 whip
 Y - a +0 war axe (weapon)
Armour
 b - a +0 scale mail (worn)
 c - a +0 buckler (worn)
 g - the +3 leather armour of Insecurity {rC+ Int+4 Dex-3 SInv}
   (You found it on level 2 of the Dungeon)

   Int:       It affects your intelligence (+4).
   Dex:       It affects your dexterity (-3).
   rC:        It protects you from cold.
   SInv:      It lets you see invisible.
Scrolls
 e - 2 scrolls of teleportation {unknown}
 h - 2 scrolls of poison {unknown}
 k - 2 scrolls of enchant weapon {unknown}
Potions
 a - a potion of berserk rage {unknown}
 d - 2 potions of might
 f - a potion of flight {unknown}
 i - a potion of curing {unknown}

Dungeon Overview and Level Annotations

Branches:
Dungeon (2/15)

Altars:

Annotations:
D:2 Natasha


Message History

2 gnolls come into view.
The gnoll shouts! x2; You hear a shout!
Enter note:
Found 8 gold pieces.
You hit the gnoll.
The gnoll is lightly wounded.
The gnoll closely misses you. You block the gnoll's attack.
A gnoll comes into view. It is wielding a +0 halberd.
You barely miss the gnoll.
The gnoll is lightly wounded.
The gnoll barely misses you. The gnoll hits you but does no damage.
The gnoll hits you with a +0 club. The gnoll hits you but does no damage.
You hit the gnoll.
The gnoll is moderately wounded.
The gnoll hits you but does no damage.
The gnoll hits you from afar with a +0 spear!
You slash the gnoll!
The gnoll is almost dead.
The gnoll hits you with a +0 club. The gnoll hits you but does no damage.
You hit the gnoll.
You kill the gnoll!
The gnoll hits you but does no damage.
A gnoll comes into view. It is wielding a +0 flail.
The gnoll barely misses you.
Natasha, Servant of Life and Death comes into view.
Found 17 gold pieces.
Natasha hisses angrily.
You block the gnoll's attack.
Things that are here:
a +0 club; a throwing net You barely miss the gnoll.
An endoplasm comes into view.
You block the gnoll's attack. The gnoll hits you but does no damage.
You hit the gnoll but do no damage. The gnoll hits you but does no damage.
The gnoll hits you with a +0 spear!
You hit the gnoll.
The gnoll is lightly wounded.
The gnoll hits you with a +0 spear. The gnoll barely misses you. x2
The gnoll hits you from afar with a +0 halberd!
You die...

...............# #.#
...##.......)..###.#
#).##..........##..#
#%.............##.##
....######..#####.#
#...# ##.. #.# #.#.#
## ##.# #.#..
#.##..# ....##
#..g@## ....# ###.g#
...gh ........
.$........J
............
.........$...
..............


You could see Natasha, 3 gnolls and an endoplasm.

Vanquished Creatures
  2 gnolls
  4 adders (D:2)
  A dart slug (D:2)
  5 ball pythons (D:1)
  2 endoplasms (D:1)
  A giant cockroach (D:1)
  3 goblins
  2 jackals (D:2)
  2 quokkas (D:1)
  3 bats
  8 frilled lizards
  5 kobolds (D:1)
  2 rats
40 creatures vanquished.

Vanquished Creatures (others)
  2 fungi (D:2)
2 creatures vanquished.

Grand Total: 42 creatures vanquished

Notes
Turn   | Place    | Note
-------+----------+-------------------------------------------
     0 | D:1      | qw the Gargoyle Fighter began the quest for the Orb.
     0 | D:1      | Reached XP level 1. HP: 14/14 MP: 1/1
     0 | D:1      | 0 ||| qw: Version: 0.2-a-17-g06abaee
     0 | D:1      | 0 ||| qw: Game counter: 2206
     0 | D:1      | 0 ||| qw: Always use a shield: true
     0 | D:1      | 0 ||| qw: God list: Okawaru
     0 | D:1      | 0 ||| qw: Allow faded altars: false
     0 | D:1      | 0 ||| qw: Do Orc after D:15 true
     0 | D:1      | 0 ||| qw: Do second Lair branch before Depths: true
     0 | D:1      | 0 ||| qw: Lair rune preference: random
     0 | D:1      | 0 ||| qw: Plans: Normal, Zot:1-4, God:TSO, Crypt, Tomb,
                  | Pan, Slime:5, Hells, Abyss, Orb
     0 | D:1      | 0 ||| PLANNING D:1-11
    28 | D:1      | Reached skill level 2 in Axes
   128 | D:1      | Reached XP level 2. HP: 19/19 MP: 2/2
   184 | D:1      | Reached skill level 3 in Axes
   247 | D:1      | 247 ||| Stepping ~*~*~tactically~*~*~ (stealth).
   255 | D:1      | Reached XP level 3. HP: 23/23 MP: 3/3
   282 | D:1      | 282 ||| DROPPING +0 club.
   846 | D:1      | 846 ||| READING scroll labelled JADDIRR YN RYA.
   847 | D:1      | 847 ||| READING scroll labelled CUIS BUWAEPA.
   848 | D:1      | 848 ||| READING scroll labelled COREFA QULU.
   924 | D:2      | Found a faded altar of an unknown god.
   975 | D:2      | Identified the +3 leather armour of Insecurity {rC+ Int+4
                  | Dex-3 SInv}
  1003 | D:2      | 1003 ||| Stepping ~*~*~tactically~*~*~ (stealth).
  1023 | D:2      | Reached XP level 4. HP: 24/28 MP: 4/4
  1025 | D:2      | Reached skill level 4 in Axes
  1126 | D:2      | Noticed Natasha
  1129 | D:2      | HP: 6/28 [gnoll/+0 spear (3)]
  1129 | D:2      | Slain by a gnoll

Levels and vault maps discovered:
D:1:      tarquinn_simple_flora_water_f, layout_basic, serial_bayou_crossing
D:2:      layout_rooms, shapermc_ecumenical_altar_starsandcircs, serial_shops,
          shop_statue, uniq_natasha, uniq_crazy_yiuf_cottage

Skill      XL: |  1  2  3  4 |
---------------+-------------+-----
Axes           | 2 3 4 |  4.2
Fighting       | |  3.2
Armour         | |  3.2
Shields        | |  3.2

Action                   |  1- 3 |  4- 6 || total
-------------------------+-------+-------++-------
Melee: War axe           |    88 |    21 ||   109
  Use: Scroll            |     3 |       ||     3
Armor: Scale mail        |    41 |    12 ||    53
Dodge: Dodged            |    36 |    10 ||    46
Block: Buckler           |    20 |     4 ||    24

Table legend:
 A = Non-vault XP
 B = Vault XP
 C = Vault XP percentage of total XP
 D = Non-vault monster count
 E = Vault monster count
 F = Vault count percentage of total count
                 A         B        C        D         E       F
            +---------+---------+-------+---------+---------+-------
      Total |     133 |       0 |   0.0 |      40 |       0 |   0.0
            +---------+---------+-------+---------+---------+-------
        D:1 |      50 |       0 |   0.0 |      26 |       0 |   0.0
        D:2 |      83 |       0 |   0.0 |      14 |       0 |   0.0
            +---------+---------+-------+---------+---------+-------
